Influenza vs Mustangs
(R2)
Created - 14 avril 2016 at 10:13
Goals
|
| Influenza |
1 |
0 |
1 |
2 |
| Mustangs |
3 |
2 |
0 |
5 |
|
Shots
|
| Influenza |
12 |
16 |
3 |
31 |
| Mustangs |
14 |
8 |
4 |
26 |
|
1st period
1. Influenza , T.J Galiardi 22 (Oskars Bartulis) at 7:11
2. Mustangs , Evander Kane 51 (Brayden Schenn) at 7:15
3. Mustangs , Brayden Schenn 42 (Denis Shvidki, Evander Kane) at 8:28
4. Mustangs , Denis Shvidki 31 (Cameron Gaunce, Brayden Schenn) at 18:14 (PP)
Penalties :
Zac Dalpe (VJB) for Tripping (Minor) at 0:22, Robbie Earl (VJB) for Roughing (Minor) at 18:01
2nd period
5. Mustangs , Eric Godard 24 (Rick Schofield, Denis Bodrov) at 6:25
6. Mustangs , Brayden Schenn 43 (Evander Kane, Denis Shvidki) at 19:45
Penalties :
Tim Erixon (VJB) for Roughing (Minor) at 3:51, Jeremy Morin (VJB) for High sticking (Minor) at 9:45, Zac Dalpe (VJB) for Interference (Minor) at 19:48
3rd period
7. Influenza , Jeremy Morin 14 (Tim Erixon, Evgeny Grachev) at 12:04
Penalties :
Robbie Earl (VJB) for Holding (Minor) at 5:29, Ben Eager (Ham) for Hooking (Minor) at 12:32, Reilly Smith (Ham) for Slashing (Minor) at 19:58
Goalie Stats
Alex Stalock (VJB), 12 saves from 16 shots - (0,750), L, 33-19-4, 26:25 minutes
Thomas McCollum (VJB), 9 saves from 10 shots - (0,900), 33:35 minutes
Maxime Ouellet (Ham), 29 saves from 31 shots - (0,935), W, 22-16-6, 60:00 minutes
Players Stats for Influenza
Player Name G A P +/- PIM S H SB GA TA FO MP PP MP PK MP
------------------------------------------------------------------------------------
Andreas Engqvist 0 0 0 0 0 1 1 0 0 0 1/2 9:53 0:16 0:00
Ben Smith 0 0 0 -2 0 0 2 0 1 0 1/2 22:24 0:59 5:36
Charlie Coyle 0 0 0 0 0 0 1 0 0 0 1/6 11:31 0:39 2:22
Colin McDonald 0 0 0 0 0 0 0 0 0 0 0/0 1:07 0:00 0:19
Corey Tropp 0 0 0 0 0 3 3 0 0 0 1/1 13:54 0:42 0:00
Evgeny Grachev 0 1 1 0 0 1 2 0 0 1 9/14 14:08 0:00 0:08
Jamie Benn 0 0 0 0 0 3 3 0 0 0 1/1 18:12 0:00 4:02
Jeff May 0 0 0 0 0 1 2 1 0 2 0/0 18:42 0:48 3:50
Jeremy Morin 1 0 1 0 2 7 0 0 0 0 0/0 17:45 0:00 0:00
John Klingberg 0 0 0 0 0 3 1 0 0 1 0/0 18:39 0:48 3:50
Mathieu Carle 0 0 0 -2 0 1 2 1 1 0 0/0 27:53 1:12 6:15
Matt Corrente 0 0 0 -2 0 3 2 2 0 0 0/0 27:53 1:12 6:15
Oskars Bartulis 0 1 1 0 0 0 1 0 0 0 0/0 13:28 0:00 0:03
Robbie Earl 0 0 0 -2 4 3 1 1 0 0 3/6 21:17 0:59 4:21
Ryan Russell 0 0 0 0 0 0 1 0 0 0 0/1 9:38 0:42 0:26
T.J Galiardi 1 0 1 0 0 2 1 0 0 0 0/0 12:18 0:25 2:16
Tim Erixon 0 1 1 0 2 1 0 1 0 0 0/0 13:33 0:19 0:00
Zac Dalpe 0 0 0 -2 4 2 0 0 1 1 9/27 17:31 0:59 0:49
Players Stats for Mustangs
Player Name G A P +/- PIM S H SB GA TA FO MP PP MP PK MP
------------------------------------------------------------------------------------
Ben Eager 0 0 0 0 2 1 1 0 1 1 1/1 17:39 4:26 0:00
Brayden Schenn 2 2 4 3 0 2 1 0 0 0 18/34 21:21 5:26 1:08
Cameron Gaunce 0 1 1 -1 0 2 4 2 0 0 0/0 26:17 5:53 1:18
Daniel Winnik 0 0 0 0 0 2 1 1 1 1 0/0 13:51 0:13 0:17
Denis Bodrov 0 1 1 2 0 0 1 1 0 0 0/0 21:13 4:15 0:42
Denis Shvidki 1 2 3 3 0 4 2 0 1 0 1/2 20:02 5:29 0:00
Derek Joslin 0 0 0 -1 0 1 5 1 1 0 0/0 26:17 5:53 1:18
Eric Godard 1 0 1 0 0 2 2 1 0 0 2/2 13:34 0:13 0:00
Eric Knodel 0 0 0 1 0 0 0 0 0 0 0/0 12:30 0:00 0:00
Evander Kane 1 2 3 3 0 5 0 2 0 1 2/3 21:11 5:29 0:58
Jerome Samson 0 0 0 -1 0 0 0 0 0 0 0/0 6:44 0:00 0:00
Jim O'Brien 0 0 0 -1 0 1 2 0 0 0 0/0 7:20 0:16 0:06
Joe Finley 0 0 0 1 0 1 2 0 0 0 0/0 12:30 0:00 0:00
Marcus Foligno 0 0 0 -1 0 2 0 0 0 0 0/0 7:29 0:00 0:45
Mark Pysyk 0 0 0 2 0 0 2 2 0 0 0/0 21:13 4:15 0:42
Reilly Smith 0 0 0 0 2 1 1 0 0 0 1/1 17:28 4:26 0:00
Rick Schofield 0 1 1 0 0 1 2 1 0 0 4/7 13:07 0:00 0:00
Riley Armstrong 0 0 0 0 0 1 3 1 1 0 5/10 18:12 4:26 0:46
3 Stars
1 - Brayden Schenn (Ham)
2 - Denis Shvidki (Ham)
3 - Evander Kane (Ham)
Power Play
Influenza - 0 on 2 Attempt(s) - 0,00%
Mustangs - 1 on 6 Attempt(s) - 16,67%
Penalty Kill
Influenza - 5 on 6 Attempt(s) - 83,33%
- Score 0 goal in Penalty Kill
Mustangs - 2 on 2 Attempt(s) - 100,00%
- Score 0 goal in Penalty Kill
Team Stat
Influenza - Hits : 23 - Faceoff Wins : 26 - Blocked Shots : 6 - Penalty Minutes : 12
Mustangs - Hits : 29 - Faceoff Wins : 34 - Blocked Shots : 12 - Penalty Minutes : 4
Official
Referees : Furlatt Eric and Rehman Kyle
Linesman : Jonny Murray and Pierre Racicot
Game Notes
Colin McDonald is injured at 9:37 of 1st period (Right Foot)
Thomas McCollum enters game at 6:25 of 2nd period
Finance
Level 1 -- Attendance: 1483 (74,15%) -- Ticket Income 59 320 $
Level 2 -- Attendance: 718 (71,80%) -- Ticket Income 14 360 $
Total Attendance: 2201 (73,37%)
Total Ticket Income: 73 680 $
Other Income: 3 684 $
Total Income: 77 364 $
Influenza
5 vs 5 Forward
Center Left Wing Right Wing Time % Phy DF OF
1 Zac Dalpe Robbie Earl Ben Smith 40 1 2 2
2 Evgeny Grachev Jamie Benn Jeremy Morin 30 1 2 2
3 Andreas Engqvist T.J Galiardi Corey Tropp 20 1 2 2
4 Charlie Coyle Ryan Russell Colin McDonald 10 1 2 2
5 vs 5 Defense
Defense Defense Time % Phy DF OF
1 Mathieu Carle Matt Corrente 40 1 2 2
2 John Klingberg Jeff May 30 1 2 2
3 Oskars Bartulis Tim Erixon 20 1 2 2
4 Mathieu Carle Matt Corrente 10 1 2 2
PowerPlay Forward
Center Left Wing Right Wing Time % Phy DF OF
1 Zac Dalpe Robbie Earl Ben Smith 60 1 2 2
2 Evgeny Grachev Jamie Benn Jeremy Morin 40 1 2 2
PowerPlay Defense
Defense Defense Time % Phy DF OF
1 Mathieu Carle Matt Corrente 60 1 2 2
2 John Klingberg Jeff May 40 1 2 2
Penalty Kill 4 Players Forward
Center Wing Time % Phy DF OF
1 Robbie Earl Ben Smith 60 1 2 2
2 Jamie Benn T.J Galiardi 40 1 2 2
Penalty Kill 4 Players Defense
Defense Defense Time % Phy DF OF
1 Mathieu Carle Matt Corrente 60 1 2 2
2 John Klingberg Jeff May 40 1 2 2
Penalty Kill - 3 Players Forward
Forward Time % Phy DF OF
1 Robbie Earl 60 1 2 2
2 Ben Smith 40 1 2 2
Penalty Kill - 3 Players Defense
Defense Defense Time % Phy DF OF
1 Mathieu Carle Matt Corrente 60 1 2 2
2 John Klingberg Jeff May 40 1 2 2
4 vs 4 Forward
Center Wing Time % Phy DF OF
1 Robbie Earl Ben Smith 60 1 2 2
2 Jamie Benn T.J Galiardi 40 1 2 2
4 vs 4 Defense
Defense Defense Time % Phy DF OF
1 Mathieu Carle Matt Corrente 60 1 2 2
2 John Klingberg Jeff May 40 1 2 2
Last Minutes Offensive
Center Left Wing Right Wing Defense Defense
Zac Dalpe Robbie Earl Ben Smith Mathieu Carle Matt Corrente
Last Minutes Defensive
Center Left Wing Right Wing Defense Defense
Zac Dalpe Robbie Earl Ben Smith Mathieu Carle Matt Corrente
Goaltenders
Starting : Alex Stalock
Backup : Thomas McCollum
Extra Forwards
Normal : Ryan Russell, Corey Tropp, Colin McDonald - PP : Ryan Russell, Corey Tropp - PK : Colin McDonald
Extra Defensemen
Normal : Oskars Bartulis, Tim Erixon, John Klingberg - PP : Oskars Bartulis - PK : Tim Erixon, John Klingberg
Penalty Shots
Robbie Earl, Ben Smith, Jamie Benn, T.J Galiardi, Zac Dalpe
Mustangs
5 vs 5 Forward
Center Left Wing Right Wing Time % Phy DF OF
1 Brayden Schenn Evander Kane Denis Shvidki 40 0 2 3
2 Riley Armstrong Ben Eager Reilly Smith 30 0 2 3
3 Rick Schofield Daniel Winnik Eric Godard 20 0 2 3
4 Jim O'Brien Marcus Foligno Jerome Samson 10 0 2 3
5 vs 5 Defense
Defense Defense Time % Phy DF OF
1 Derek Joslin Cameron Gaunce 40 1 2 2
2 Denis Bodrov Mark Pysyk 30 1 2 2
3 Eric Knodel Joe Finley 20 1 2 2
4 Cameron Gaunce Derek Joslin 10 1 2 2
PowerPlay Forward
Center Left Wing Right Wing Time % Phy DF OF
1 Brayden Schenn Evander Kane Denis Shvidki 60 0 0 5
2 Riley Armstrong Ben Eager Reilly Smith 40 0 0 5
PowerPlay Defense
Defense Defense Time % Phy DF OF
1 Derek Joslin Cameron Gaunce 60 0 1 4
2 Denis Bodrov Mark Pysyk 40 0 1 4
Penalty Kill 4 Players Forward
Center Wing Time % Phy DF OF
1 Brayden Schenn Evander Kane 60 0 5 0
2 Riley Armstrong Denis Shvidki 40 0 5 0
Penalty Kill 4 Players Defense
Defense Defense Time % Phy DF OF
1 Derek Joslin Cameron Gaunce 60 1 4 0
2 Denis Bodrov Mark Pysyk 40 1 4 0
Penalty Kill - 3 Players Forward
Forward Time % Phy DF OF
1 Brayden Schenn 60 0 5 0
2 Denis Shvidki 40 0 5 0
Penalty Kill - 3 Players Defense
Defense Defense Time % Phy DF OF
1 Derek Joslin Cameron Gaunce 60 1 4 0
2 Denis Bodrov Mark Pysyk 40 1 4 0
4 vs 4 Forward
Center Wing Time % Phy DF OF
1 Brayden Schenn Evander Kane 60 0 1 4
2 Riley Armstrong Denis Shvidki 40 0 1 4
4 vs 4 Defense
Defense Defense Time % Phy DF OF
1 Derek Joslin Cameron Gaunce 60 0 2 3
2 Denis Bodrov Mark Pysyk 40 0 2 3
Last Minutes Offensive
Center Left Wing Right Wing Defense Defense
Brayden Schenn Evander Kane Denis Shvidki Derek Joslin Cameron Gaunce
Last Minutes Defensive
Center Left Wing Right Wing Defense Defense
Brayden Schenn Ben Eager Eric Godard Denis Bodrov Mark Pysyk
Goaltenders
Starting : Maxime Ouellet
Backup : Chet Pickard
Extra Forwards
Normal : Evander Kane, Brayden Schenn, Reilly Smith - PP : Brayden Schenn, Evander Kane - PK : Daniel Winnik
Extra Defensemen
Normal : Cameron Gaunce, Mark Pysyk, Derek Joslin - PP : Cameron Gaunce - PK : Mark Pysyk, Derek Joslin
Penalty Shots
Brayden Schenn, Denis Shvidki, Reilly Smith, Ben Eager, Evander Kane
% Time on Ice - Influenza
Lines # - Real PCT - Wanted PCT - Time Play
Normal Forward
1 - 34% - 40% - 16:13
2 - 29% - 30% - 13:46
3 - 20% - 20% - 9:37
4 - 17% - 10% - 8:16
Normal Defense
1 - 39% - 40% - 18:29
2 - 29% - 30% - 14:01
3 - 28% - 20% - 13:15
4 - 4% - 10% - 2:07
PP Forward
1 - 100% - 60% - 2:00
2 - 0% - 40% - 0:00
PP Defense
1 - 60% - 60% - 1:12
2 - 40% - 40% - 0:48
PK Forward
1 - 78% - 60% - 7:52
2 - 22% - 40% - 2:16
PK Defense
1 - 62% - 60% - 6:18
2 - 38% - 40% - 3:50
PK3 Forward
1 - 0% - 60%
2 - 0% - 40%
PK3 Defense
1 - 0% - 60%
2 - 0% - 40%
44 Forward
1 - 0% - 60%
2 - 0% - 40%
44 Defense
1 - 0% - 60%
2 - 0% - 40%
Last Minute Offensive - 0:00
Last Minute Defensive - 0:00
Total
Forward - 60:00
Defense - 60:00
|
% Time on Ice - Mustangs
Lines # - Real PCT - Wanted PCT - Time Play
Normal Forward
1 - 31% - 40% - 14:58
2 - 27% - 30% - 13:03
3 - 27% - 20% - 13:07
4 - 14% - 10% - 6:44
Normal Defense
1 - 37% - 40% - 17:38
2 - 34% - 30% - 16:16
3 - 26% - 20% - 12:30
4 - 3% - 10% - 1:28
PP Forward
1 - 56% - 60% - 5:42
2 - 44% - 40% - 4:26
PP Defense
1 - 58% - 60% - 5:53
2 - 42% - 40% - 4:15
PK Forward
1 - 100% - 60% - 2:00
2 - 0% - 40% - 0:00
PK Defense
1 - 65% - 60% - 1:18
2 - 35% - 40% - 0:42
PK3 Forward
1 - 0% - 60%
2 - 0% - 40%
PK3 Defense
1 - 0% - 60%
2 - 0% - 40%
44 Forward
1 - 0% - 60%
2 - 0% - 40%
44 Defense
1 - 0% - 60%
2 - 0% - 40%
Last Minute Offensive - 0:00
Last Minute Defensive - 0:00
Total
Forward - 60:00
Defense - 60:00
|
Play by Play
1st period
0:01 of 1st period - Brayden Schenn wins face-off versus Zac Dalpe in neutral zone.
0:03 of 1st period - Off-side.
0:04 of 1st period - Brayden Schenn wins face-off versus Zac Dalpe in neutral zone.
0:22 of 1st period - Minor Penalty to Zac Dalpe for Tripping.
0:23 of 1st period - Evander Kane wins face-off versus Robbie Earl in Influenza zone.
2:22 of 1st period - Penalty to Zac Dalpe is over, Zac Dalpe is back on ice.
2:44 of 1st period - Wrist shot by Corey Tropp.
2:44 of 1st period - Stopped by Maxime Ouellet with a rebound.
3:23 of 1st period - Backhand shot by T.J Galiardi.
3:23 of 1st period - Deflect By Corey Tropp.
3:23 of 1st period - Stopped by Maxime Ouellet without a rebound.
3:24 of 1st period - Eric Godard wins face-off versus Andreas Engqvist in Mustangs zone.
3:24 of 1st period - Eric Godard is hit by Corey Tropp.
3:30 of 1st period - Mathieu Carle is hit by Rick Schofield and loses puck.
3:45 of 1st period - Slapshot by John Klingberg.
3:45 of 1st period - Shot Misses the Net.
3:47 of 1st period - Wrist shot by Jeremy Morin.
3:47 of 1st period - Shot Blocked by Cameron Gaunce.
3:49 of 1st period - Snap shot by Jeremy Morin.
3:49 of 1st period - Stopped by Maxime Ouellet without a rebound.
3:50 of 1st period - Riley Armstrong wins face-off versus Zac Dalpe in Mustangs zone.
4:03 of 1st period - Wrist shot by Ben Smith.
4:03 of 1st period - Shot Misses the Net.
4:19 of 1st period - Snap shot by Daniel Winnik.
4:19 of 1st period - Stopped by Alex Stalock without a rebound.
4:20 of 1st period - Eric Godard wins face-off versus Evgeny Grachev in Influenza zone.
4:27 of 1st period - Rick Schofield is hit by Matt Corrente and loses puck.
5:10 of 1st period - Snap shot by Ben Smith.
5:10 of 1st period - Shot Hit the Post.
5:12 of 1st period - Slapshot by Ben Smith.
5:12 of 1st period - Shot Blocked by Denis Bodrov.
5:14 of 1st period - Snap shot by Robbie Earl.
5:14 of 1st period - Stopped by Maxime Ouellet without a rebound.
5:15 of 1st period - Evgeny Grachev wins face-off versus Brayden Schenn in Mustangs zone.
5:16 of 1st period - Slapshot by John Klingberg.
5:16 of 1st period - Deflect By Jeremy Morin.
5:16 of 1st period - Stopped by Maxime Ouellet with a rebound.
5:18 of 1st period - Slapshot by Evgeny Grachev.
5:18 of 1st period - Deflect By Jamie Benn.
5:18 of 1st period - Stopped by Maxime Ouellet with a rebound.
5:27 of 1st period - Off-side.
5:28 of 1st period - Zac Dalpe wins face-off versus Riley Armstrong in neutral zone.
6:24 of 1st period - Backhand shot by Matt Corrente.
6:24 of 1st period - Stopped by Maxime Ouellet without a rebound.
6:25 of 1st period - Brayden Schenn wins face-off versus Zac Dalpe in Mustangs zone.
6:25 of 1st period - Brayden Schenn is hit by Robbie Earl.
6:57 of 1st period - Wrist shot by Evgeny Grachev.
6:57 of 1st period - Shot Misses the Net.
6:59 of 1st period - Wrist shot by Evgeny Grachev.
6:59 of 1st period - Shot Blocked by Cameron Gaunce.
7:11 of 1st period - Snap shot by T.J Galiardi.
7:11 of 1st period - Goal by T.J Galiardi - Influenza : 1 - Mustangs : 0.
7:12 of 1st period - Brayden Schenn wins face-off versus Zac Dalpe in neutral zone.
7:15 of 1st period - Snap shot by Evander Kane.
7:15 of 1st period - Goal by Evander Kane - Influenza : 1 - Mustangs : 1.
7:16 of 1st period - Brayden Schenn wins face-off versus Zac Dalpe in neutral zone.
7:43 of 1st period - Jamie Benn is hit by Riley Armstrong and loses puck.
7:48 of 1st period - Snap shot by Riley Armstrong.
7:48 of 1st period - Stopped by Alex Stalock without a rebound.
7:49 of 1st period - Riley Armstrong wins face-off versus Zac Dalpe in Influenza zone.
8:02 of 1st period - Snap shot by Ben Eager.
8:02 of 1st period - Shot Misses the Net.
8:13 of 1st period - Off-side.
8:14 of 1st period - Brayden Schenn wins face-off versus Evgeny Grachev in neutral zone.
8:17 of 1st period - Jeremy Morin is hit by Brayden Schenn and loses puck.
8:22 of 1st period - Slapshot by Denis Shvidki.
8:22 of 1st period - Shot Misses the Net.
8:24 of 1st period - Snap shot by Denis Shvidki.
8:24 of 1st period - Stopped by Alex Stalock with a rebound.
8:26 of 1st period - Snap shot by Denis Shvidki.
8:26 of 1st period - Shot Misses the Net.
8:28 of 1st period - Snap shot by Brayden Schenn.
8:28 of 1st period - Goal by Brayden Schenn - Influenza : 1 - Mustangs : 2.
8:29 of 1st period - Zac Dalpe wins face-off versus Brayden Schenn in neutral zone.
9:03 of 1st period - Wrist shot by Jeremy Morin.
9:03 of 1st period - Shot Blocked by Riley Armstrong.
9:36 of 1st period - Colin McDonald is hit by Joe Finley and loses puck.
9:37 of 1st period - Colin McDonald from Influenza is injured at 9:37 of 1st period (Right Foot).
9:38 of 1st period - Brayden Schenn wins face-off versus Zac Dalpe in Influenza zone.
9:45 of 1st period - Snap shot by Evander Kane.
9:45 of 1st period - Shot Blocked by Robbie Earl.
9:47 of 1st period - Wrist shot by Denis Shvidki.
9:47 of 1st period - Shot Misses the Net.
9:49 of 1st period - Backhand shot by Brayden Schenn.
9:49 of 1st period - Shot Misses the Net.
10:08 of 1st period - Wrist shot by Jeremy Morin.
10:08 of 1st period - Stopped by Maxime Ouellet with a rebound.
10:26 of 1st period - Slapshot by Eric Godard.
10:26 of 1st period - Stopped by Alex Stalock with a rebound.
10:28 of 1st period - Backhand shot by Derek Joslin.
10:28 of 1st period - Shot Blocked by Tim Erixon.
10:30 of 1st period - Slapshot by Derek Joslin.
10:30 of 1st period - Stopped by Alex Stalock with a rebound.
10:32 of 1st period - Snap shot by Rick Schofield.
10:32 of 1st period - Stopped by Alex Stalock without a rebound.
10:33 of 1st period - Zac Dalpe wins face-off versus Brayden Schenn in Influenza zone.
10:33 of 1st period - Zac Dalpe is hit by Denis Bodrov.
10:44 of 1st period - Snap shot by Denis Shvidki.
10:44 of 1st period - Shot Blocked by Matt Corrente.
10:46 of 1st period - Snap shot by Denis Shvidki.
10:46 of 1st period - Shot Misses the Net.
10:48 of 1st period - Snap shot by Denis Shvidki.
10:48 of 1st period - Stopped by Alex Stalock without a rebound.
10:49 of 1st period - Riley Armstrong wins face-off versus Evgeny Grachev in Influenza zone.
10:50 of 1st period - Wrist shot by Ben Eager.
10:50 of 1st period - Stopped by Alex Stalock without a rebound.
10:51 of 1st period - Evgeny Grachev wins face-off versus Riley Armstrong in Influenza zone.
11:02 of 1st period - Snap shot by Jamie Benn.
11:02 of 1st period - Stopped by Maxime Ouellet without a rebound.
11:03 of 1st period - Brayden Schenn wins face-off versus Zac Dalpe in Mustangs zone.
11:10 of 1st period - Snap shot by Denis Shvidki.
11:10 of 1st period - Shot Misses the Net.
11:52 of 1st period - Icing by Mathieu Carle.
11:53 of 1st period - Andreas Engqvist wins face-off versus Riley Armstrong in Influenza zone.
12:06 of 1st period - Wrist shot by T.J Galiardi.
12:06 of 1st period - Shot Misses the Net.
12:20 of 1st period - Jeff May is hit by Denis Shvidki.
13:19 of 1st period - Off-side.
13:20 of 1st period - Reilly Smith wins face-off versus Zac Dalpe in neutral zone.
14:31 of 1st period - Slapshot by Marcus Foligno.
14:31 of 1st period - Shot Misses the Net.
14:35 of 1st period - Snap shot by Marcus Foligno.
14:35 of 1st period - Shot Blocked by Mathieu Carle.
14:37 of 1st period - Slapshot by Joe Finley.
14:37 of 1st period - Stopped by Alex Stalock with a rebound.
15:18 of 1st period - Cameron Gaunce is hit by Jeff May and loses puck.
15:37 of 1st period - Snap shot by Evander Kane.
15:37 of 1st period - Stopped by Alex Stalock with a rebound.
15:39 of 1st period - Snap shot by Brayden Schenn.
15:39 of 1st period - Deflect By Evander Kane.
15:39 of 1st period - Shot Misses the Net.
15:39 of 1st period - Puck is out of play.
15:40 of 1st period - Riley Armstrong wins face-off versus Zac Dalpe in Influenza zone.
16:05 of 1st period - Daniel Winnik is hit by T.J Galiardi and loses puck.
17:05 of 1st period - Matt Corrente is hit by Derek Joslin and loses puck.
17:24 of 1st period - Mathieu Carle is hit by Mark Pysyk and loses puck.
17:42 of 1st period - Off-side.
17:43 of 1st period - Brayden Schenn wins face-off versus Evgeny Grachev in neutral zone.
17:56 of 1st period - Wrist shot by Denis Shvidki.
17:56 of 1st period - Deflect By John Klingberg.
17:56 of 1st period - Shot Misses the Net.
17:56 of 1st period - Puck is out of play.
17:57 of 1st period - Brayden Schenn wins face-off versus Zac Dalpe in Influenza zone.
18:01 of 1st period - Minor Penalty to Robbie Earl for Roughing.
18:02 of 1st period - Charlie Coyle wins face-off versus Brayden Schenn in Influenza zone.
18:12 of 1st period - Snap shot by Cameron Gaunce.
18:12 of 1st period - Stopped by Alex Stalock with a rebound.
18:14 of 1st period - Snap shot by Denis Shvidki.
18:14 of 1st period - Goal by Denis Shvidki - Influenza : 1 - Mustangs : 3.
18:15 of 1st period - Brayden Schenn wins face-off versus Zac Dalpe in neutral zone.
18:40 of 1st period - Mathieu Carle is hit by Derek Joslin and loses puck.
18:53 of 1st period - Riley Armstrong is hit by Jamie Benn and loses puck.
19:12 of 1st period - Wrist shot by Corey Tropp.
19:12 of 1st period - Stopped by Maxime Ouellet with a rebound.
19:14 of 1st period - Snap shot by Andreas Engqvist.
19:14 of 1st period - Stopped by Maxime Ouellet without a rebound.
19:15 of 1st period - Zac Dalpe wins face-off versus Brayden Schenn in Mustangs zone.
19:48 of 1st period - Jeff May is hit by Reilly Smith and loses puck.
Goals for this period are 1 for Influenza vs 3 for Mustangs.
Shots for this period are 12 for Influenza vs 14 for Mustangs.
2nd period
0:01 of 2nd period - Ben Smith wins face-off versus Brayden Schenn in neutral zone.
0:59 of 2nd period - Snap shot by Marcus Foligno.
0:59 of 2nd period - Stopped by Alex Stalock without a rebound.
1:00 of 2nd period - Evander Kane wins face-off versus Ben Smith in Influenza zone.
1:52 of 2nd period - Snap shot by Jeremy Morin.
1:52 of 2nd period - Stopped by Maxime Ouellet with a rebound.
2:25 of 2nd period - John Klingberg is hit by Denis Shvidki and loses puck.
3:51 of 2nd period - Minor Penalty to Tim Erixon for Roughing.
3:52 of 2nd period - Robbie Earl wins face-off versus Brayden Schenn in Influenza zone.
5:14 of 2nd period - Reilly Smith is hit by Jeff May and loses puck.
5:51 of 2nd period - Penalty to Tim Erixon is over, Tim Erixon is back on ice.
6:08 of 2nd period - Andreas Engqvist is hit by Eric Godard and loses puck.
6:15 of 2nd period - Denis Bodrov is hit by Andreas Engqvist and loses puck.
6:25 of 2nd period - Wrist shot by Eric Godard.
6:25 of 2nd period - Goal by Eric Godard - Influenza : 1 - Mustangs : 4.
6:25 of 2nd period - Thomas McCollum enters game.
6:26 of 2nd period - Brayden Schenn wins face-off versus Zac Dalpe in neutral zone.
6:31 of 2nd period - Slapshot by Denis Shvidki.
6:31 of 2nd period - Shot Misses the Net.
7:14 of 2nd period - Slapshot by John Klingberg.
7:14 of 2nd period - Stopped by Maxime Ouellet without a rebound.
7:15 of 2nd period - Rick Schofield wins face-off versus Ryan Russell in Mustangs zone.
7:15 of 2nd period - Rick Schofield is hit by Charlie Coyle.
7:47 of 2nd period - Evander Kane is hit by Ben Smith and loses puck.
8:02 of 2nd period - Jamie Benn is hit by Ben Eager and loses puck.
8:13 of 2nd period - Slapshot by Riley Armstrong.
8:13 of 2nd period - Shot Blocked by Matt Corrente.
8:34 of 2nd period - T.J Galiardi is hit by Derek Joslin and loses puck.
8:51 of 2nd period - Snap shot by Robbie Earl.
8:51 of 2nd period - Stopped by Maxime Ouellet without a rebound.
8:52 of 2nd period - Brayden Schenn wins face-off versus Zac Dalpe in Mustangs zone.
9:36 of 2nd period - Slapshot by John Klingberg.
9:36 of 2nd period - Deflect By Robbie Earl.
9:36 of 2nd period - Shot Misses the Net.
9:36 of 2nd period - Puck is out of play.
9:37 of 2nd period - Evgeny Grachev wins face-off versus Brayden Schenn in Mustangs zone.
9:38 of 2nd period - Snap shot by Mathieu Carle.
9:38 of 2nd period - Stopped by Maxime Ouellet without a rebound.
9:39 of 2nd period - Evgeny Grachev wins face-off versus Brayden Schenn in Mustangs zone.
9:45 of 2nd period - Minor Penalty to Jeremy Morin for High sticking.
9:46 of 2nd period - Robbie Earl wins face-off versus Brayden Schenn in Influenza zone.
10:12 of 2nd period - Mathieu Carle is hit by Cameron Gaunce and loses puck.
11:45 of 2nd period - Penalty to Jeremy Morin is over, Jeremy Morin is back on ice.
11:54 of 2nd period - Slapshot by Jamie Benn.
11:54 of 2nd period - Stopped by Maxime Ouellet with a rebound.
11:56 of 2nd period - Snap shot by Jeremy Morin.
11:56 of 2nd period - Stopped by Maxime Ouellet with a rebound.
11:58 of 2nd period - Slapshot by Jeremy Morin.
11:58 of 2nd period - Stopped by Maxime Ouellet without a rebound.
11:59 of 2nd period - Rick Schofield wins face-off versus Charlie Coyle in Mustangs zone.
11:59 of 2nd period - Rick Schofield is hit by Ryan Russell.
12:34 of 2nd period - Snap shot by John Klingberg.
12:34 of 2nd period - Stopped by Maxime Ouellet without a rebound.
12:35 of 2nd period - Evgeny Grachev wins face-off versus Denis Shvidki in Mustangs zone.
12:36 of 2nd period - Slapshot by Jeremy Morin.
12:36 of 2nd period - Deflect By Jamie Benn.
12:36 of 2nd period - Shot Blocked by Evander Kane.
12:36 of 2nd period - Puck is out of play.
12:37 of 2nd period - Brayden Schenn wins face-off versus Zac Dalpe in Mustangs zone.
13:42 of 2nd period - Ryan Russell is hit by Jim O'Brien and loses puck.
14:30 of 2nd period - Evander Kane is hit by Corey Tropp and loses puck.
14:38 of 2nd period - Snap shot by Evander Kane.
14:38 of 2nd period - Shot Misses the Net.
14:42 of 2nd period - Wrist shot by Evander Kane.
14:42 of 2nd period - Stopped by Thomas McCollum without a rebound.
14:43 of 2nd period - Riley Armstrong wins face-off versus Zac Dalpe in Influenza zone.
14:54 of 2nd period - Wrist shot by Riley Armstrong.
14:54 of 2nd period - Shot Misses the Net.
14:56 of 2nd period - Slapshot by Derek Joslin.
14:56 of 2nd period - Shot Misses the Net.
14:58 of 2nd period - Slapshot by Derek Joslin.
14:58 of 2nd period - Deflect By Ben Eager.
14:58 of 2nd period - Shot Misses the Net.
14:58 of 2nd period - Puck is out of play.
14:59 of 2nd period - Jamie Benn wins face-off versus Rick Schofield in Influenza zone.
14:59 of 2nd period - Jamie Benn is hit by Derek Joslin.
15:12 of 2nd period - Wrist shot by Evgeny Grachev.
15:12 of 2nd period - Shot Blocked by Derek Joslin.
15:14 of 2nd period - Slapshot by Matt Corrente.
15:14 of 2nd period - Stopped by Maxime Ouellet with a rebound.
15:26 of 2nd period - Slapshot by Zac Dalpe.
15:26 of 2nd period - Deflect By Robbie Earl.
15:26 of 2nd period - Stopped by Maxime Ouellet without a rebound.
15:27 of 2nd period - Zac Dalpe wins face-off versus Riley Armstrong in Mustangs zone.
15:32 of 2nd period - Snap shot by Zac Dalpe.
15:32 of 2nd period - Shot Blocked by Mark Pysyk.
15:58 of 2nd period - Slapshot by John Klingberg.
15:58 of 2nd period - Stopped by Maxime Ouellet with a rebound.
16:00 of 2nd period - Slapshot by Jeff May.
16:00 of 2nd period - Stopped by Maxime Ouellet with a rebound.
16:02 of 2nd period - Wrist shot by Evgeny Grachev.
16:02 of 2nd period - Stopped by Maxime Ouellet without a rebound.
16:03 of 2nd period - Brayden Schenn wins face-off versus Evgeny Grachev in Mustangs zone.
16:12 of 2nd period - Derek Joslin is hit by Mathieu Carle and loses puck.
16:17 of 2nd period - Snap shot by Jamie Benn.
16:17 of 2nd period - Shot Misses the Net.
16:35 of 2nd period - Wrist shot by Robbie Earl.
16:35 of 2nd period - Deflect By Zac Dalpe.
16:35 of 2nd period - Stopped by Maxime Ouellet with a rebound.
16:37 of 2nd period - Slapshot by Matt Corrente.
16:37 of 2nd period - Stopped by Maxime Ouellet with a rebound.
16:50 of 2nd period - Icing by Cameron Gaunce.
16:51 of 2nd period - Corey Tropp wins face-off versus Rick Schofield in Mustangs zone.
17:27 of 2nd period - Slapshot by Denis Shvidki.
17:27 of 2nd period - Stopped by Thomas McCollum without a rebound.
17:28 of 2nd period - Evgeny Grachev wins face-off versus Riley Armstrong in Influenza zone.
17:28 of 2nd period - Evgeny Grachev is hit by Riley Armstrong.
17:41 of 2nd period - Snap shot by Reilly Smith.
17:41 of 2nd period - Stopped by Thomas McCollum with a rebound.
17:53 of 2nd period - Denis Shvidki is hit by Matt Corrente.
17:54 of 2nd period - Icing by Denis Shvidki.
17:55 of 2nd period - Zac Dalpe wins face-off versus Brayden Schenn in Mustangs zone.
18:04 of 2nd period - Wrist shot by Zac Dalpe.
18:04 of 2nd period - Shot Misses the Net.
18:06 of 2nd period - Slapshot by Jeff May.
18:06 of 2nd period - Shot Blocked by Evander Kane.
18:08 of 2nd period - Wrist shot by Zac Dalpe.
18:08 of 2nd period - Stopped by Maxime Ouellet without a rebound.
18:09 of 2nd period - Zac Dalpe wins face-off versus Brayden Schenn in Mustangs zone.
18:24 of 2nd period - Snap shot by Cameron Gaunce.
18:24 of 2nd period - Stopped by Thomas McCollum with a rebound.
19:15 of 2nd period - Slapshot by Mathieu Carle.
19:15 of 2nd period - Shot Misses the Net.
19:43 of 2nd period - Snap shot by Evander Kane.
19:43 of 2nd period - Stopped by Thomas McCollum with a rebound.
19:45 of 2nd period - Wrist shot by Brayden Schenn.
19:45 of 2nd period - Goal by Brayden Schenn - Influenza : 1 - Mustangs : 5.
19:46 of 2nd period - Zac Dalpe wins face-off versus Evander Kane in neutral zone.
19:48 of 2nd period - Minor Penalty to Zac Dalpe for Interference.
19:49 of 2nd period - Robbie Earl wins face-off versus Brayden Schenn in Influenza zone.
Goals for this period are 0 for Influenza vs 2 for Mustangs.
Shots for this period are 16 for Influenza vs 8 for Mustangs.
3rd period
0:01 of 3rd period - Brayden Schenn wins face-off versus Robbie Earl in neutral zone.
0:26 of 3rd period - Robbie Earl is hit by Cameron Gaunce and loses puck.
1:48 of 3rd period - Penalty to Zac Dalpe is over, Zac Dalpe is back on ice.
1:56 of 3rd period - T.J Galiardi is hit by Cameron Gaunce and loses puck.
2:03 of 3rd period - T.J Galiardi is hit by Cameron Gaunce and loses puck.
2:18 of 3rd period - Slapshot by Jim O'Brien.
2:18 of 3rd period - Shot Misses the Net.
2:28 of 3rd period - Derek Joslin is hit by Oskars Bartulis and loses puck.
2:51 of 3rd period - Evander Kane is hit by Ben Smith and loses puck.
3:36 of 3rd period - Robbie Earl is hit by Jim O'Brien and loses puck.
4:14 of 3rd period - Snap shot by Evander Kane.
4:14 of 3rd period - Stopped by Thomas McCollum with a rebound.
4:26 of 3rd period - Riley Armstrong is hit by Jamie Benn and loses puck.
4:47 of 3rd period - Off-side.
4:48 of 3rd period - Evgeny Grachev wins face-off versus Brayden Schenn in neutral zone.
5:15 of 3rd period - Ryan Russell is hit by Riley Armstrong and loses puck.
5:29 of 3rd period - Minor Penalty to Robbie Earl for Holding.
5:30 of 3rd period - Brayden Schenn wins face-off versus Charlie Coyle in Influenza zone.
5:56 of 3rd period - Charlie Coyle is hit by Derek Joslin.
7:29 of 3rd period - Penalty to Robbie Earl is over, Robbie Earl is back on ice.
7:50 of 3rd period - Backhand shot by T.J Galiardi.
7:50 of 3rd period - Stopped by Maxime Ouellet with a rebound.
7:56 of 3rd period - Snap shot by Marcus Foligno.
7:56 of 3rd period - Stopped by Thomas McCollum with a rebound.
8:06 of 3rd period - Daniel Winnik is hit by Evgeny Grachev and loses puck.
9:13 of 3rd period - Snap shot by T.J Galiardi.
9:13 of 3rd period - Shot Misses the Net.
9:25 of 3rd period - Reilly Smith is hit by Mathieu Carle and loses puck.
9:48 of 3rd period - Mathieu Carle is hit by Eric Godard and loses puck.
9:52 of 3rd period - Icing by Jamie Benn.
9:53 of 3rd period - Evgeny Grachev wins face-off versus Rick Schofield in Influenza zone.
9:58 of 3rd period - Derek Joslin is hit by Jamie Benn and loses puck.
10:54 of 3rd period - Slapshot by Rick Schofield.
10:54 of 3rd period - Shot Misses the Net.
11:18 of 3rd period - Oskars Bartulis is hit by Mark Pysyk.
11:51 of 3rd period - Denis Bodrov is hit by Evgeny Grachev and loses puck.
11:56 of 3rd period - Wrist shot by Evgeny Grachev.
11:56 of 3rd period - Shot Blocked by Rick Schofield.
11:58 of 3rd period - Wrist shot by Jeremy Morin.
11:58 of 3rd period - Shot Blocked by Eric Godard.
12:00 of 3rd period - Slapshot by Evgeny Grachev.
12:00 of 3rd period - Shot Blocked by Mark Pysyk.
12:02 of 3rd period - Slapshot by Tim Erixon.
12:02 of 3rd period - Stopped by Maxime Ouellet with a rebound.
12:04 of 3rd period - Snap shot by Jeremy Morin.
12:04 of 3rd period - Goal by Jeremy Morin - Influenza : 2 - Mustangs : 5.
12:05 of 3rd period - Denis Shvidki wins face-off versus Zac Dalpe in neutral zone.
12:32 of 3rd period - Minor Penalty to Ben Eager for Hooking.
12:33 of 3rd period - Brayden Schenn wins face-off versus Robbie Earl in Mustangs zone.
13:34 of 3rd period - Riley Armstrong is hit by Corey Tropp and loses puck.
14:17 of 3rd period - Daniel Winnik is hit by John Klingberg and loses puck.
14:26 of 3rd period - Snap shot by T.J Galiardi.
14:26 of 3rd period - Shot Misses the Net.
14:32 of 3rd period - Penalty to Ben Eager is over, Ben Eager is back on ice.
14:54 of 3rd period - Wrist shot by Ben Eager.
14:54 of 3rd period - Deflect By Reilly Smith.
14:54 of 3rd period - Shot Misses the Net.
14:54 of 3rd period - Puck is out of play.
14:55 of 3rd period - Ben Eager wins face-off versus Charlie Coyle in Influenza zone.
15:20 of 3rd period - Robbie Earl is hit by Daniel Winnik and loses puck.
16:14 of 3rd period - Snap shot by Jim O'Brien.
16:14 of 3rd period - Stopped by Thomas McCollum with a rebound.
17:08 of 3rd period - Icing by Ryan Russell.
17:09 of 3rd period - Rick Schofield wins face-off versus Charlie Coyle in Influenza zone.
18:26 of 3rd period - Off-side.
18:27 of 3rd period - Rick Schofield wins face-off versus Charlie Coyle in neutral zone.
18:36 of 3rd period - Wrist shot by Corey Tropp.
18:36 of 3rd period - Shot Blocked by Daniel Winnik.
18:56 of 3rd period - John Klingberg is hit by Rick Schofield and loses puck.
19:03 of 3rd period - Wrist shot by Daniel Winnik.
19:03 of 3rd period - Shot Blocked by Jeff May.
19:17 of 3rd period - Slapshot by Daniel Winnik.
19:17 of 3rd period - Stopped by Thomas McCollum without a rebound.
19:18 of 3rd period - Evgeny Grachev wins face-off versus Brayden Schenn in Influenza zone.
19:51 of 3rd period - Tim Erixon is hit by Joe Finley and loses puck.
19:58 of 3rd period - Minor Penalty to Reilly Smith for Slashing.
19:59 of 3rd period - Zac Dalpe wins face-off versus Brayden Schenn in Mustangs zone.
Goals for this period are 1 for Influenza vs 0 for Mustangs.
Shots for this period are 3 for Influenza vs 4 for Mustangs.
Back to the Top